 Dungeon Crawl Stone Soup version 0.28-a0-957-g42eb19b844 (webtiles) character file.

Game seed: 15932465592487689443

87 Redcow54321 the Insei (level 4, 0/33 HPs)
             Began as a Vampire Gladiator on Nov 30, 2021.
             Slain by Ijyb (6 damage)
             ... on level 2 of the Dungeon.
             The game lasted 00:06:27 (2225 turns).

Redcow54321 the Insei (Vampire Gladiator)           Turns: 2225, Time: 00:06:27

Health: 0/33       AC:  4    Str: 13 (15) XL:     4   Next: 28%
Magic:  4/4        EV: 12    Int:  8 (10) God:
Gold:   129        SH:  0    Dex: 15      Spells: 3/3 levels left

rFire   . . .      SeeInvis +     - Unarmed
rCold   . . .      Faith    .   (no shield)
rNeg    . . .      Spirit   .   a - +0 leather armour
rPois   .          Reflect  .   b - +0 helmet
rElec   .          Harm     .   (no cloak)
rCorr   .          Rampage  .   (no gloves)
Will    .....                   (no boots)
Stlth   ++........              (no amulet)
HPRegen 0.31/turn               (no ring)
MPRegen 0.09/turn               (no ring)

@: healing quickly
A: alive, fangs 3, see invisible, vampiric 2
a: Exsanguinate


You were on level 2 of the Dungeon.
You visited 1 branch of the dungeon, and saw 3 of its levels.

You collected 129 gold pieces.

Inventory:

Armour
 a - a +0 leather armour (worn)
 b - a +0 helmet (worn)
Jewellery
 j - a ring of fire
 o - a ring of positive energy
Wands
 q - a wand of polymorph (9)
Scrolls
 e - a scroll of blinking {unknown}
 f - a scroll of enchant armour {unknown}
 g - a scroll of brand weapon {unknown}
 h - 2 scrolls of identify {unknown}
 k - 2 scrolls of teleportation {unknown}
 l - a scroll of noise {unknown}
 m - a scroll of acquirement {unknown}
 n - a scroll of magic mapping {unknown}
 r - a scroll of immolation {unknown}
Potions
 c - 2 potions of degeneration
 d - a potion of mutation {unknown}
 i - a potion of curing
 p - a potion of resistance {unknown}


   Skills:
 * Level 1.8 Fighting
 - Level 1.5 Throwing
 - Level 3.2 Dodging
 - Level 1.5 Stealth
 * Level 5.4 Unarmed Combat


You had 3 spell levels left.
You didn't know any spells.
Your spell library was empty.

Dungeon Overview and Level Annotations

Branches:
Dungeon (3/15)

Altars:
Sif Muna

Annotations:
D:2 Ijyb
D:3 2 runed translucent doors, Sigmund


Innate Abilities, Weirdness & Mutations

Your natural rate of healing is accelerated.
You have razor-sharp teeth.
You have supernaturally acute eyesight. (SInv)
You are afflicted with vampirism and can become a bat while bloodless.


Message History

Ijyb closely misses you.
You hit Ijyb.
Ijyb is moderately wounded.
Ijyb closely misses you.
You hit Ijyb. Your bite misses Ijyb.
Ijyb is moderately wounded.
Ijyb hits you with a +0 club.
You hit Ijyb. You bite Ijyb, but do no damage.
Ijyb is heavily wounded.
Ijyb barely misses you.
You hit Ijyb but do no damage.
Ijyb is heavily wounded.
Ijyb completely misses you.
You hit Ijyb but do no damage.
Ijyb is heavily wounded.
Ijyb misses you.
You hit Ijyb.
Ijyb is heavily wounded.
Ijyb closely misses you.
You completely miss Ijyb.
Ijyb is heavily wounded.
Ijyb zaps a wand.
The puff of flame hits you!
* * * LOW HITPOINT WARNING * * *
You closely miss Ijyb.
Ijyb is heavily wounded.
You closely miss Ijyb.
Ijyb is heavily wounded.
Ijyb zaps a wand.
The puff of flame hits you.
* * * LOW HITPOINT WARNING * * *
You hit Ijyb but do no damage. Your bite misses Ijyb.
Ijyb is heavily wounded.
Ijyb hits you with a +0 club.
* * * LOW HITPOINT WARNING * * *
Nothing quivered!
It was a potion of curing.
You feel better. Ijyb hits you with a +0 club.
* * * LOW HITPOINT WARNING * * *
You closely miss Ijyb.
Ijyb is heavily wounded.
Ijyb hits you with a +0 club.
You die...

..##........# #.#.##..##.........
#.......###.# #...##..##.....>...
....#...# #.# #....#..##.........
#...#.### #.# #.......##..#######
..#.#.# #.###..........## ..#.#.#
#..##[.##...#..# #.#...#
##.#..>##.#...#### #..##.#
###.#.#g##........# ##.##.#
##......@##......#.#
##.#..###..................######
##.#..##..##.##.##.>..####......#
..........##....##....##........#
##..#.######..####...###.#......#
....#.# ###..##....##..#......#
#...#.## #....#......).#########
#...#..# ##..........####
#...##.###..........##


You could see Ijyb.

Vanquished Creatures
  Terence (D:2)
  2 adders (D:2)
  A worm (D:2)
  2 dart slugs
  4 bats (D:1)
  7 endoplasms
  2 goblins
  2 quokkas
  5 ball pythons
  7 frilled lizards
  4 kobolds
  2 rats (D:1)
39 creatures vanquished.

Notes
Turn   | Place    | Note
-------+----------+-------------------------------------------
     0 | D:1      | Redcow54321 the Vampire Gladiator began the quest for the
                  | Orb.
     0 | D:1      | Reached XP level 1. HP: 16/16 MP: 1/1
   150 | D:1      | Reached XP level 2. HP: 22/22 MP: 2/2
   152 | D:1      | Reached skill level 4 in Unarmed Combat
  1010 | D:2      | Gained mutation: You are afflicted with vampirism and can
                  | become a bat while bloodless. [Vampire growth]
  1010 | D:2      | Reached XP level 3. HP: 23/27 MP: 3/3
  1064 | D:2      | Reached skill level 1 in Stealth
  1154 | D:2      | HP: 1/27 [frilled lizard (3)]
  1158 | D:2      | Reached skill level 5 in Unarmed Combat
  1551 | D:3      | Noticed Sigmund
  1552 | D:3      | Noticed Ijyb
  1899 | D:3      | Found a shimmering blue altar of Sif Muna.
  2135 | D:3      | Found a large runed translucent door.
  2135 | D:3      | Found a large runed translucent door.
  2139 | D:3      | Noticed Terence
  2171 | D:2      | Killed Terence
  2172 | D:2      | Reached XP level 4. HP: 24/33 MP: 4/4
  2225 | D:2      | Slain by Ijyb

Illustrated notes

Levels and vault maps discovered:
D:1:      dpeg_arrival_connections, layout_basic
D:2:      layout_rooms, minmay_pentomino_o2
D:3:      due_chaos_kobolds, layout_basic, led_sif_book, uniq_terence,
          uniq_sigmund, uniq_ijyb

Skill      XL: |  1  2  3 |
---------------+----------+-----
Unarmed Combat | 4 5 |  5.4
Stealth        | 1 |  1.5
Fighting       | |  1.8
Throwing       | |  1.5
Dodging        | |  3.2

Action                   |  1- 3 |  4- 6 || total
-------------------------+-------+-------++-------
Melee: Unarmed           |   106 |    13 ||   119
       Bite              |     3 |     2 ||     5
       Punch             |     2 |       ||     2
  Use: Potion            |     1 |     1 ||     2
 Stab: Sleeping          |     1 |       ||     1
Armor: Leather armour    |    34 |       ||    34
Dodge: Dodged            |    51 |     6 ||    57

Table legend: (Time is in decaauts)
 A = Elapsed time spent in this place.
 B = Non-inter-level travel time spent in this place.
 C = Inter-level travel time spent in this place.
 D = Time resting spent in this place.
 E = Time spent auto-exploring this place.
 F = Levels seen in this place.
 G = Mean time per level.
                   A        B        C        D        E       F      G
               +--------+--------+--------+--------+--------+-----+--------+
         Total |   2222 |   2145 |     77 |    299 |   1295 |   3 |  740.7 |
       Dungeon |   2222 |   2145 |     77 |    299 |   1295 |   3 |  740.7 |
               +--------+--------+--------+--------+--------+-----+--------+

Top non-repeatable levels by time:
     D:1: 936 daAuts
     D:2: 769 daAuts
     D:3: 516 daAuts
